 Dungeon Crawl Stone Soup version 0.28-a0-1184-g53156a8862 (webtiles) character file.

Game seed: 3894327549623800151

10561 bobojojo the Fighter (level 11, -18/101 HPs)
             Began as a Black Draconian Transmuter on Dec 16, 2021.
             Was an Elder of Nemelex Xobeh.
             Demolished by a komodo dragon (29 damage)
             ... on level 8 of the Dungeon on Dec 17, 2021.
             The game lasted 01:09:18 (10558 turns).

bobojojo the Fighter (Black Draconian Transmuter)  Turns: 10558, Time: 01:09:19

Health: -18/101    AC:  2    Str: 19    XL:     11   Next: 37%
Magic:  19/21      EV: 19    Int: 17    God:    Nemelex Xobeh [****..]
Gold:   517        SH:  0    Dex: 17    Spells: 1/23 levels left

rFire   . . .      SeeInvis .     - Unarmed
rCold   + . .      Faith    .   (shield currently unavailable)
rNeg    . . .      Spirit   .   (armour unavailable)
rPois   x          Reflect  .   (helmet currently unavailable)
rElec   .          Harm     .   (cloak currently unavailable)
rCorr   .          Rampage  .   (gloves currently unavailable)
Will    .....                   (boots currently unavailable)
Stlth   ++........              (no amulet)
HPRegen 0.26/turn               k - +6 ring of strength
MPRegen 0.17/turn               u - ring of protection from cold

@: spider-form (expiring)
A: venomous fangs, (breathe lightning), AC +7, tiny, unfitting armour,
(electricity resistance), (cold-blooded)
a: End Transformation, Renounce Religion, Draw Escape, Draw Destruction, Draw
Summoning, Triple Draw, Deal Four


You were on level 8 of the Dungeon.
You worshipped Nemelex Xobeh.
Nemelex Xobeh was greatly pleased with you.
You were a venomous arachnid creature.
You visited 3 branches of the dungeon, and saw 12 of its levels.

You collected 517 gold pieces.

Inventory:

Missiles
 m - 8 boomerangs
 q - 36 poisoned darts
 t - 2 curare-tipped darts (quivered)
 D - 3 throwing nets
Armour
 f - a +0 pair of gloves (melded)
 h - a +0 buckler
 C - a +2 cloak of stealth (melded)
Jewellery
 k - a +6 ring of strength (left front leg)
 u - a ring of protection from cold (right front leg)
 F - a ring of flight
Wands
 o - a wand of paralysis (10)
 I - a wand of polymorph (4)
Scrolls
 j - 3 scrolls of amnesia
 n - a scroll of magic mapping
 p - 2 scrolls of enchant armour {unknown}
 v - a scroll of fear {unknown}
 w - a scroll of holy word {unknown}
 x - 4 scrolls of identify
 y - a scroll of fog {unknown}
 z - 2 scrolls of enchant weapon {unknown}
 E - a scroll of immolation {unknown}
 G - 4 scrolls of teleportation {unknown}
Potions
 a - 3 potions of mutation
 b - a potion of might
 c - a potion of invisibility {unknown}
 d - 2 potions of cancellation
 e - a potion of haste {unknown}
 g - a potion of magic {unknown}
 i - 6 potions of curing
 l - 2 potions of brilliance
 r - 3 potions of degeneration
 s - 3 potions of flight {unknown}
 B - a potion of heal wounds
Miscellaneous
 A - a condenser vane (inert)
 H - a piece from Xom's chessboard (15/15)


   Skills:
 + Level 10.3 Fighting
 - Level 1.7 Dodging
 + Level 9.9 Unarmed Combat
 - Level 6.7 Spellcasting
 + Level 2.3 Summonings
 - Level 6.1 Transmutations
 - Level 4.3 Ice Magic
 - Level 3.4 Poison Magic
 - Level 4.1 Invocations
 - Level 3.0 Evocations


You had one spell level left.
You knew the following spells:

 Your Spells              Type           Power      Damage    Failure   Level
a - Beastly Appendage     Tmut           52%        N/A       4%          1
b - Wereblood             Tmut           26%        N/A       6%          2
c - Spider Form           Tmut/Pois      22%        N/A       14%         3
d - Ice Form              Ice/Tmut       23%        N/A       32%         4
e - Statue Form           Tmut/Erth      10%        N/A       100%        6
f - Passwall              Tmut/Erth      13%        N/A       14%         2
g - Summon Ice Beast      Ice/Summ       17%        N/A       52%         4

Your spell library contained the following spells:

 Spells                   Type           Power      Damage    Failure   Level
 Sandblast                Erth           10%        2d5       28%         1
 Gell's Gravitas          Tloc           5%         N/A       56%         3
 Lesser Beckoning         Tloc           5%         N/A       56%         3
 Stone Arrow              Conj/Erth      10%        3d7       56%         3
 Teleport Other           Tloc           5%         N/A       56%         3
 Leda's Liquefaction      Hex/Erth       2%         N/A       89%         4
 Summon Mana Viper        Hex/Summ       9%         N/A       97%         5
 Lee's Rapid Deconstruct  Erth           2%         3d6*      99%         5
 Monstrous Menagerie      Summ           6%         N/A       100%        7


Dungeon Overview and Level Annotations

Branches:
Dungeon (10/15)            Temple (1/1) D:4            Lair (1/6) D:8
    Orc: D:9-12

Altars:
Ashenzari
Cheibriados
Dithmenos
Elyvilon
Fedhas
Gozag
Hepliaklqana
Kikubaaqudgha
Makhleb
Nemelex Xobeh
Okawaru
Qazlal
Ru
Sif Muna
Trog
Uskayaw
Vehumet
Xom
Yredelemnul
Zin
The Shining One

Shops:
D:5 *   D:9 [

Annotations:
D:8 1 runed translucent door, SensoryNuts's ghost, novice MiGl


Innate Abilities, Weirdness & Mutations

You are a venomous arachnid creature.
You have poisonous fangs.
You are tiny and dextrous.
Your spellcasting is less reliable in this form.
Your armour is entirely melded.
You are incapable of wielding weapons or throwing items.
((You can breathe wild blasts of lightning.))
((Your glossy black scales are hard. (AC +7)))
You cannot fit into any form of body armour.
((You are resistant to electric shocks. (rElec)))
((You are cold-blooded and may be slowed by cold attacks.))


Message History

You climb downwards.
Welcome back to the Lair of Beasts!
The polar bear bites you! The polar bear claws you.
The polar bear claws you but does no damage.
There is a staircase back to the Dungeon here.
You hit the polar bear.
The polar bear is poisoned.
The polar bear is lightly wounded.
The polar bear bites you! The polar bear claws you.
The polar bear closely misses you.
You hit the polar bear but do no damage.
The polar bear looks as sick as possible!
The polar bear is lightly wounded.
Your transformation is almost over.
The polar bear misses you.
The polar bear claws you but does no damage.
The polar bear barely misses you.
You barely miss the komodo dragon. The komodo dragon bites you!
The polar bear misses you. The polar bear claws you. The polar bear misses you.
You hit the komodo dragon but do no damage.
The komodo dragon is poisoned.
The komodo dragon bites you! The polar bear misses you.
The polar bear barely misses you. The polar bear completely misses you.
You bite the polar bear!
The polar bear is heavily wounded.
The komodo dragon bites you!
You bite the polar bear!
The polar bear looks as sick as possible!
The polar bear is severely wounded.
The polar bear goes berserk!
The komodo dragon bites you!
* * * LOW HITPOINT WARNING * * *
The polar bear misses you. The polar bear completely misses you.
The polar bear closely misses you. The polar bear misses you.
The polar bear claws you.
* * * LOW HITPOINT WARNING * * *
The polar bear completely misses you. The komodo dragon barely misses you.
You climb upwards.
Welcome back to the Dungeon!
Level annotation: 1 runed translucent door, SensoryNuts's ghost, novice MiGl
There is a staircase to the Lair here.
The komodo dragon bites you!!
You die...
Your body glows slightly and disappears.

#.# #####.......### #.#
#.............### #.#
###...............## #.#
###P..................# #.#
##.#.P...............P... #.#
#...P....................# #.##
#....................P...
...###.......................# #
................sh..P....P...##.#
...####..........l....P.P.P..##..
#.## #..............P.P.....####
#.# ##.................P.# #.#
#.............P.....# #'##
#................)### ...##
##.##...........#.# # ....##
#.###........###)## ## ...(.##
#.#...####..## #..## ##.


You could see a polar bear (berserk, extremely poisoned) and a komodo dragon
(very poisoned).

Vanquished Creatures
  Harold (D:8)
  A centaur warrior (D:10)
  2 two-headed ogres
  A black mamba (Lair:1)
  A cane toad (Lair:1)
  A hornet (D:9)
  2 wraiths
  A wyvern (D:8)
  6 yaks
  Eustachio (D:5)
  2 water moccasins
  5 orc warriors
  A black bear (D:8)
  An ice beast (D:6)
  2 necrophages
  4 ogres
  3 centaurs
  Blork the orc (D:5)
  2 kobold brigands
  7 bullfrogs
  A gnoll sergeant (D:9)
  2 scorpions
  A wyvern zombie (D:8)
  6 killer bees (D:9)
  14 wights
  2 hounds
  2 centaur zombies
  A bullfrog zombie (D:5)
  A bullfrog skeleton (D:8)
  3 orc priests
  A gnoll shaman (D:5)
  2 jellies
  A centaur skeleton (D:6)
  An iguana (D:6)
  12 orc wizards
  A hound zombie (D:5)
  9 gnolls
  11 adders
  2 white imps
  4 ufetubi
  An adder skeleton (D:4)
  3 dart slugs
  50 orcs
  5 ball pythons
  10 endoplasms
  6 giant cockroaches
  8 hobgoblins
  4 jackals
  7 quokkas
  4 bats
  A frilled lizard (D:3)
  5 goblins
  19 kobolds
  5 rats
  A spectral kobold (D:5)
251 creatures vanquished.

Vanquished Creatures (collateral kills)
  7 yaks
  A steam dragon (D:8)
  A water moccasin (D:8)
  3 black bears (D:8)
  A centaur zombie (D:8)
13 creatures vanquished.

Vanquished Creatures (others)
  43 fungi (D:8)
  59 plants
102 creatures vanquished.

Grand Total: 366 creatures vanquished

Notes
Turn   | Place    | Note
-------+----------+-------------------------------------------
     0 | D:1      | bobojojo the Draconian Transmuter began the quest for the
                  | Orb.
     0 | D:1      | Reached XP level 1. HP: 16/16 MP: 3/3
   407 | D:1      | Reached XP level 2. HP: 24/24 MP: 3/5
   438 | D:1      | Learned a level 2 spell: Wereblood
   490 | D:1      | Reached skill level 2 in Fighting
   591 | D:1      | Reached XP level 3. HP: 29/29 MP: 6/6
  1277 | D:2      | Learned a level 3 spell: Spider Form
  1326 | D:2      | Reached XP level 4. HP: 34/37 MP: 5/7
  1677 | D:3      | Found a snail-covered altar of Cheibriados.
  1835 | D:3      | Found a faded altar of an unknown god.
  1943 | D:3      | Reached XP level 5. HP: 43/44 MP: 7/9
  2015 | D:3      | Reached skill level 3 in Fighting
  2015 | D:3      | Reached skill level 1 in Poison Magic
  2504 | D:4      | Found a white marble altar of Elyvilon.
  2712 | D:4      | Found a staircase to the Ecumenical Temple.
  2719 | Temple   | Entered the Ecumenical Temple
  3000 | Temple   | Became a worshipper of Nemelex Xobeh the Trickster
  3058 | D:4      | Reached skill level 1 in Invocations
  3058 | D:4      | Reached XP level 6. HP: 42/51 MP: 7/10
  3471 | D:5      | Entered Level 5 of the Dungeon
  3510 | D:5      | Found Xorus's Lightly-Used Armoury.
  3521 | D:5      | Reached skill level 4 in Fighting
  3521 | D:5      | Your scales start taking on a glossy black colour.
  3521 | D:5      | Reached XP level 7. HP: 56/59 MP: 10/12
  3521 | D:5      | Gained mutation: You are resistant to electric shocks.
                  | (rElec) [Black Draconian growth]
  3652 | D:5      | Found a hazy altar of Hepliaklqana.
  3655 | D:5      | Upgraded the game from 0.28-a0-1182-g381e24db82 to
                  | 0.28-a0-1184-g53156a8862
  3740 | D:5      | Noticed Eustachio
  3808 | D:5      | Killed Eustachio
  3957 | D:5      | Noticed Blork the orc
  4314 | D:5      | Reached skill level 5 in Unarmed Combat
  4319 | D:5      | Killed Blork the orc
  4366 | D:5      | Reached * piety under Nemelex Xobeh
  4385 | D:5      | Received a gift from Nemelex Xobeh
  4489 | D:6      | Reached XP level 8. HP: 58/67 MP: 12/14
  4568 | D:6      | Learned a level 4 spell: Ice Form
  4684 | D:6      | Reached skill level 5 in Fighting
  5148 | D:7      | Reached skill level 1 in Evocations
  5179 | D:7      | Reached skill level 5 in Spellcasting
  5186 | D:7      | Learned a level 6 spell: Statue Form
  5298 | D:7      | Reached skill level 6 in Fighting
  5332 | D:7      | Found a broken altar of Ashenzari.
  5356 | D:7      | Reached XP level 9. HP: 39/69 MP: 13/16
  5699 | D:7      | Found a blossoming altar of Fedhas.
  5702 | D:7      | Reached ** piety under Nemelex Xobeh
  6056 | D:8      | Reached skill level 1 in Ice Magic
  6539 | D:8      | Reached skill level 7 in Fighting
  6635 | D:8      | Received a gift from Nemelex Xobeh
  6685 | D:8      | Reached skill level 5 in Transmutations
  6695 | D:8      | Reached XP level 10. HP: 78/88 MP: 14/17
  6700 | D:8      | Reached skill level 8 in Fighting
  6706 | D:8      | Found a staircase to the Lair.
  6723 | D:8      | Noticed Harold
  6734 | D:8      | Killed Harold
  7100 | D:8      | Learned a level 2 spell: Passwall
  7373 | D:8      | Found a runed translucent door.
  7375 | D:8      | Noticed SensoryNuts's ghost (novice MiGl)
  7515 | D:8      | Noticed a two-headed ogre
  7529 | D:8      | Killed a two-headed ogre
  7764 | D:9      | Reached skill level 9 in Fighting
  7765 | D:9      | Found an opulent altar of Gozag.
  7769 | D:9      | Found a shimmering altar of Xom.
  7879 | D:9      | Reached *** piety under Nemelex Xobeh
  8015 | D:9      | Received a gift from Nemelex Xobeh
  8485 | D:9      | Found Zaul's Armour Shop.
  8564 | D:9      | Noticed a two-headed ogre
  8574 | D:9      | Killed a two-headed ogre
  8575 | D:9      | Reached XP level 11. HP: 71/99 MP: 17/20
  9033 | D:10     | Entered Level 10 of the Dungeon
  9243 | D:10     | Learned a level 4 spell: Summon Ice Beast
  9328 | D:10     | Received a gift from Nemelex Xobeh
  9380 | D:10     | Reached skill level 10 in Fighting
  9579 | D:10     | Noticed a lindwurm
  9585 | D:10     | Noticed a lindwurm
  9585 | D:10     | Noticed a lindwurm
 10013 | D:10     | Noticed a centaur warrior
 10028 | D:10     | Killed a centaur warrior
 10029 | D:10     | Reached skill level 1 in Summonings
 10180 | Lair:1   | Entered Level 1 of the Lair of Beasts
 10221 | Lair:1   | Reached **** piety under Nemelex Xobeh
 10558 | D:8      | Demolished by a komodo dragon

Illustrated notes

Levels and vault maps discovered:
D:1:      dpeg_arrival_line_fractal, layout_loops_ring, nicolae_grassy_gnolls
D:2:      layout_basic, hangedman_decor_peaks_small, feat_on_display
D:3:      layout_basic, general_overflow_altar,
          dreamdust_ecumenical_altar_angels_and_demons
D:4:      cheibrodos_thug_alley, layout_basic, kennysheep_little_box,
          minmay_temple_entry_trees, moated_statue
D:5:      minmay_skewed_foursquare, layout_basic,
          nicolae_hepliaklqana_monster_ancestors, chequers_jeans,
          minmay_shop_damaged, chequers_serial_rivers_micro_d,
          kennysheep_nondescript, chequers_serial_rivers_small_3,
          hangedman_decor_riveting, uniq_eustachio, uniq_blork_the_orc
D:6:      layout_loops_cross
D:7:      layout_basic, nicolae_overflow_hidden_temple, dk_noncrumbling_3
D:8:      layout_loops_corners, due_lair_maze_entry_diamond,
          ebering_ghost_reflecting_pool, special_room [special_room_orc],
          uniq_harold
D:9:      layout_basic, chequers_temple_overflow_statue_of_worship,
          serial_shops, shop
D:10:     layout_layer_cave, small_chamber_with_monster, minmay_lindwurm_lava
Temple:   dpeg_chambers_temple
Lair:1:   layout_long_grid, minivault_24

Skill      XL: |  1  2  3  4  5  6  7  8  9 10 11 |
---------------+----------------------------------+-----
Fighting       | 2 3 4 6 7 9 10 | 10.3
Poison Magic   | 1 2 3 |  3.4
Unarmed Combat | 4 5 6 7 9 |  9.9
Transmutations | 3 4 5 6 |  6.1
Spellcasting   | 3 4 5 6 |  6.7
Invocations    | 1 2 3 4 |  4.1
Evocations     | 2 3 |  3.0
Ice Magic      | 3 4 |  4.3
Summonings     | 2 |  2.3
Dodging        | |  1.7

Action                   |  1- 3 |  4- 6 |  7- 9 | 10-12 || total
-------------------------+-------+-------+-------+-------++-------
Melee: Unarmed           |   123 |   152 |   232 |   210 ||   717
       Tailslap          |     9 |     9 |    19 |    17 ||    54
       Headbutt          |    11 |    14 |    40 |    17 ||    82
       Kick              |    10 |    31 |    52 |    29 ||   122
       Punch             |       |     2 |     7 |     8 ||    17
Throw: Dart              |       |     1 |     7 |     5 ||    13
 Cast: Beastly Appendage |    20 |    29 |    27 |    12 ||    88
       Wereblood         |     4 |     6 |     9 |     7 ||    26
       Spider Form       |       |       |     3 |     5 ||     8
       Ice Form          |       |       |       |     4 ||     4
       Passwall          |       |       |       |     1 ||     1
Invok: Draw Destruction  |       |       |     8 |     2 ||    10
       Draw Escape       |       |       |     1 |     4 ||     5
       Draw Summoning    |       |       |     1 |     1 ||     2
       Triple Draw       |       |       |       |     1 ||     1
 Abil: Breathe Lightning |       |       |    12 |     3 ||    15
       End Transformatio |       |       |     2 |     2 ||     4
Evoke: Wand              |       |     1 |       |       ||     1
       Condenser vane    |       |       |     1 |     1 ||     2
  Use: Scroll            |       |       |    10 |       ||    10
       Potion            |       |       |       |     2 ||     2
 Stab: Sleeping          |     1 |     1 |       |       ||     2
       Paralysed         |       |     5 |       |       ||     5
       Confused          |       |       |     1 |       ||     1
Armor: Skin              |    38 |    53 |    69 |    87 ||   247
Dodge: Dodged            |    59 |    80 |   142 |   179 ||   460

Table legend: (Time is in decaauts)
 A = Elapsed time spent in this place.
 B = Non-inter-level travel time spent in this place.
 C = Inter-level travel time spent in this place.
 D = Time resting spent in this place.
 E = Time spent auto-exploring this place.
 F = Levels seen in this place.
 G = Mean time per level.
                   A        B        C        D        E       F      G
               +--------+--------+--------+--------+--------+-----+--------+
         Total |  10502 |  10022 |    480 |   2786 |    714 |  12 |  875.2 |
       Dungeon |  10086 |   9606 |    480 |   2786 |    714 |  10 | 1008.6 |
        Temple |    308 |    308 |      0 |      0 |      0 |   1 |  308.0 |
          Lair |    107 |    107 |      0 |      0 |      0 |   1 |  107.0 |
               +--------+--------+--------+--------+--------+-----+--------+

Top non-repeatable levels by time:
     D:8: 1838 daAuts
     D:7: 1297 daAuts
     D:4: 1295 daAuts
     D:9: 1295 daAuts
    D:10: 1021 daAuts
     D:2: 847 daAuts
     D:1: 776 daAuts
     D:5: 676 daAuts
     D:3: 547 daAuts
     D:6: 490 daAuts
  Temple: 308 daAuts
  Lair:1: 107 daAuts
